Map: New Repugnancy LE

Players

Mez - Winner!

  • Race: Terran Terran
  • League: Master
  • Spawn Location: 1:00

Cazzah

  • Race: Terran Terran
  • League: Master
  • Spawn Location: 7:00

VOD

Have the link to the VOD?

Description

Time

  • Played on: July 30, 2019, 11:21 a.m.
  • Length: 13:13
Show
View Real Time Build Order
Export as new Build Order

Mez Terran - Winner!

Build Orders: Reaper Expand 

Get SALT Encoding   

  12  0:01  SCV  
  13  0:13  SCV  
  14  0:18  Supply Depot  
  14  0:25  SCV  
  15  0:39  SCV  
  15  0:41  Barracks  
  16  0:45  Refinery  
  16  0:51  SCV  
  17  1:03  SCV  
  18  1:17  SCV  
  19  1:29  Reaper  
  19  1:30  Orbital Command  
  20  1:43  Command Center  
  20  1:57  SCV  
  21  2:02  Barracks Reactor  
  21  2:03  Barracks  
  21  2:09  SCV  
  21  2:11  Barracks  
  22  2:17  Supply Depot  
  22  2:21  SCV  
  23  2:39  SCV  
  23  2:41  Marine x2  
  26  2:53  Barracks Tech Lab  
  26  2:54  SCV  
  26  2:57  Bunker, Orbital Command  
  26  3:02  Marine x3  
  29  3:06  SCV  
  30  3:13  Marine  
  30  3:18  SCV  
  30  3:19  Marine  
  32  3:20  Marine x2  
  33  3:30  SCV, Marine  
  33  3:33  SCV  
  34  3:42  SCV  
  34  3:46  Marine x3  
  34  3:47  SCV  
  39  3:48  Marine  
  39  3:49  Stimpack  
  39  3:53  Supply Depot  
  39  3:54  Engineering Bay, SCV  
  41  3:59  SCV  
  42  4:06  SCV  
  43  4:10  Marine x3  
  43  4:14  SCV, Marine  
  43  4:15  Supply Depot  
  48  4:20  SCV  
  48  4:22  Terran Infantry Weapons Level 1  
  49  4:26  SCV  
  50  4:32  SCV  
  51  4:38  SCV  
  51  4:40  Supply Depot  
  51  4:41  Command Center  
  51  4:44  SCV  
  51  4:45  Marine x4  
  57  4:51  Refinery  
  58  4:52  SCV  
  58  4:53  Refinery  
  58  4:56  SCV  
  59  5:05  SCV  
  59  5:06  Marine x2  
  59  5:07  Marine x2, Supply Depot  
  62  5:08  SCV  
  65  5:15  Factory  
  65  5:23  SCV  
  65  5:24  SCV, Marine x2  
  69  5:29  Barracks Reactor  
  69  5:30  Marine, Barracks  
  69  5:31  Barracks  
  69  5:34  Supply Depot  
  70  5:36  SCV x2  
  70  5:42  Marine x2  
  74  5:48  SCV x2, Marine  
  73  6:00  SCV x2, Marine x2  
  73  6:03  SCV  
  75  6:06  Marine  
  73  6:12  SCV  
  73  6:16  SCV  
  73  6:18  Marine x2  
  76  6:23  Marine  
  76  6:24  SCV  
  69  6:35  Marine x5  
  69  6:36  Marine  
  59  6:40  Starport  
  59  6:41  Marine, Factory Reactor  
  60  6:53  Marine x5  
  65  6:58  Terran Infantry Armor Level 1, Combat Shield  
  65  7:05  SCV  
  65  7:08  Orbital Command  
  65  7:17  SCV  
  66  7:25  Medivac  
  66  7:26  Medivac  
  66  7:29  SCV  
  71  7:30  Marine x4  
  75  7:39  SCV  
  75  7:41  SCV  
  77  7:53  Command Center  
  77  7:55  Marine x3  
  77  7:56  Supply Depot  
  80  8:06  Medivac x2  
  80  8:07  SCV x2  
  80  8:11  Barracks Reactor x2  
  86  8:19  SCV x2  
  88  8:25  Supply Depot  
  88  8:26  Armory  
  88  8:27  Engineering Bay  
  88  8:31  SCV, Supply Depot  
  88  8:36  Marine x5  
  73  8:58  Marine x6  
  73  8:59  Marine x3  
  74  9:05  SCV x2  
  74  9:06  Orbital Command  
  71  9:16  Marine x5  
  76  9:17  SCV x2  
  76  9:19  Supply Depot  
  76  9:24  Marine x4, Orbital Command  
  78  9:26  Medivac  
  78  9:29  SCV x2  
  84  9:34  Marine x3  
  84  9:36  Medivac  
  84  9:37  Terran Infantry Weapons Level 2  
  89  9:41  SCV  
  89  9:43  Terran Infantry Armor Level 2  
  89  9:44  SCV  
  91  9:51  SCV  
  92  9:53  SCV  
  92  9:55  Supply Depot  
  92  9:56  SCV, Terran Vehicle And Ship Armor Level 1  
  92  9:59  Marine x3  
  97  10:02  Marine x2  
  97  10:03  SCV, Marine  
  97  10:05  SCV  
  102  10:16  Medivac x2  
  102  10:19  SCV x3  
  109  10:27  Supply Depot  
  109  10:31  SCV  
  110  10:41  Marine x2  
  110  10:42  SCV, Marine x5  
  118  10:43  SCV  
  118  10:46  Refinery, Command Center  
  118  10:49  Medivac x2, Factory Tech Lab  
  123  10:53  Barracks x3  
  123  11:04  Marine x8  
  131  11:14  Siege Tank  
  131  11:15  Refinery  
  134  11:23  SCV  
  134  11:24  SCV  
  136  11:26  Factory, Refinery  
  136  11:27  Factory  
  135  11:36  Marine x4  
  135  11:37  SCV x2, Marine x5  
  135  11:38  SCV  
  147  11:42  Barracks Reactor x3  
  147  11:49  SCV  
  147  11:52  Supply Depot  
  147  11:54  Marine, Supply Depot x3  
  148  11:57  Siege Tank  
  151  12:02  Barracks Tech Lab x3  
  151  12:20  Command Center, Marauder x2  
  151  12:21  Factory Tech Lab x2  
  155  12:29  Siege Tank  
  153  12:39  Siege Tank x2  
  153  12:40  Marine x8  
  153  12:41  Marauder x3  
Show
View Real Time Build Order
Export as new Build Order

Cazzah Terran 

Build Orders:  

Get SALT Encoding   

  12  0:01  SCV  
  13  0:13  SCV  
  14  0:17  Supply Depot  
  14  0:25  SCV  
  15  0:29  Refinery  
  15  0:39  SCV  
  16  0:46  Barracks  
  16  0:51  SCV  
  17  1:03  SCV  
  18  1:15  SCV  
  20  1:33  Reaper, Orbital Command  
  20  1:37  Supply Depot  
  20  1:50  Factory  
  20  1:58  SCV  
  21  2:07  Reaper  
  22  2:10  SCV  
  23  2:17  Command Center  
  23  2:22  SCV  
  24  2:32  Supply Depot  
  26  2:37  Hellion  
  26  2:53  Reaper  
  26  2:56  SCV  
  28  2:59  Refinery  
  28  3:01  Hellion  
  30  3:08  SCV  
  31  3:20  SCV  
  32  3:31  Factory Tech Lab  
  32  3:32  Barracks Reactor, SCV  
  32  3:37  Orbital Command  
  32  3:38  Starport  
  32  3:45  SCV  
  31  3:50  Refinery x2  
  31  3:53  Supply Depot  
  31  3:55  Siege Tank  
  34  3:57  SCV  
  35  4:03  SCV  
  35  4:09  SCV  
  37  4:15  SCV  
  38  4:21  SCV  
  39  4:25  Viking  
  39  4:27  Siege Tank, SCV  
  45  4:33  SCV  
  46  4:39  SCV  
  46  4:43  Marine, Supply Depot x2  
  46  4:45  SCV  
  49  4:51  SCV  
  50  4:53  Viking  
  50  4:54  Viking  
  50  4:59  Siege Tank, SCV  
  58  5:01  Marine  
  58  5:03  SCV  
  60  5:11  SCV  
  61  5:15  SCV  
  61  5:19  Marine  
  62  5:23  SCV  
  62  5:26  Viking x2  
  62  5:27  SCV  
  68  5:31  Siege Tank  
  71  5:37  SCV, Marine  
  71  5:39  SCV  
  74  5:54  Marine  
  74  6:05  Siege Tank  
  77  6:12  Marine  
  78  6:31  Marine  
  78  6:32  Viking  
  78  6:34  Viking, SCV  
  78  6:35  SCV  
  59  6:44  Command Center  
  59  6:45  Siege Tank, Armory  
  59  6:46  SCV, Armory  
  63  6:47  SCV  
  63  6:49  Marine  
  65  6:58  SCV  
  65  7:00  SCV, Supply Depot  
  67  7:01  Starport  
  67  7:02  Factory  
  67  7:04  Supply Depot x2  
  67  7:07  Marine  
  68  7:10  SCV  
  68  7:13  Viking x2  
  68  7:14  SCV  
  74  7:23  SCV  
  74  7:25  Marine  
  74  7:26  Engineering Bay  
  74  7:27  SCV  
  77  7:35  SCV  
  77  7:36  Terran Ship Weapons Level 1, Terran Vehicle And Ship Armor Level 1  
  78  7:39  SCV  
  78  7:41  Siege Tank  
  78  7:42  Marine  
  81  7:48  Factory Tech Lab  
  81  7:49  Starport Tech Lab  
  81  7:56  Viking x2  
  85  8:07  Sensor Tower  
  85  8:14  Siege Tank  
  85  8:15  Siege Tank  
  91  8:27  Viking x2  
  78  8:50  Siege Tank x2  
  66  9:20  Marine  
  67  9:31  Viking x2  
  68  9:38  Marine  
  71  9:41  Sensor Tower, SCV x2  
  71  9:43  Terran Vehicle Weapons Level 1  
  73  9:48  Starport Tech Lab  
  73  9:52  Terran Vehicle And Ship Armor Level 2  
  73  9:53  SCV  
  73  9:56  Missile Turret x2  
  73  9:58  Missile Turret x2  
  74  10:01  SCV  
  74  10:03  Viking x2  
  74  10:05  SCV  
  74  10:06  Factory Tech Lab  
  80  10:13  SCV  
  81  10:17  SCV  
  82  10:22  Viking, Siege Tank  
  87  10:43  Marine  
  87  10:44  Missile Turret  
  87  10:46  Hellion  
  87  10:49  Missile Turret  
  90  10:51  Missile Turret  
  90  10:53  Orbital Command  
  90  10:54  Hellion  
  92  10:58  Viking x2  
  92  10:59  Viking, Command Center  
  92  11:01  Marine  
  99  11:08  Hellion  
  101  11:15  Hellion  
  103  11:19  Marine  
  104  11:28  Viking  
  104  11:29  Siege Tank  
  109  11:36  Siege Tank, Marine  
  113  11:40  Viking  
  113  11:44  Supply Depot  
  113  11:46  Supply Depot  
  115  11:47  Supply Depot  
  115  12:06  Siege Tank  
  118  12:27  Siege Tank  
  121  12:38  Siege Tank  
  124  12:44  Orbital Command  
  124  13:00  Refinery  
  124  13:04  Refinery  
Tags
 
Add a new tag
Caveats
  • Supply blocks, unpowered buildings, or Contaminate may cause inaccurate times.
  • Supply counts are checked every 10 seconds.